 Dungeon Crawl Stone Soup version 0.20.1-1-g8b1a95d (console) character file.

199 hilaritas the Magician (level 5, 0/28 HPs)
             Began as a Deep Elf Ice Elementalist on Aug 28, 2017.
             Was a Follower of Vehumet.
             Hit by a stone thrown by a gnoll (2 damage)
             ... on level 4 of the Dungeon.
             The game lasted 00:09:16 (3289 turns).

hilaritas the Magician (Deep Elf Ice Elementalist)  Turns: 3289, Time: 00:09:16

Health: 0/28       AC: 10    Str:  6    XL:     5   Next: 48%
Magic:  0/15       EV: 13    Int: 25    God:    Vehumet [*.....]
Gold:   132        SH:  0    Dex: 15    Spells: 5/15 levels left

rFire    . . .     SeeInvis .   t - +0 dagger (venom)
rCold    + . .     Gourm    .   (no shield)
rNeg     . . .     Faith    .   m - +2 robe {rC+}
rPois    .         Spirit   .   (no helmet)
rElec    .         Reflect  .   (no cloak)
rCorr    .         Harm     .   (no gloves)
MR       .....                  (no boots)
Stlth    ++........             (no amulet)
Regen    0.1/turn               (no ring)
MPRegen  0.2/turn               (no ring)

@: brilliant, icy armour, slow
A: no striking features
a: Renounce Religion


You were on level 4 of the Dungeon.
You worshipped Vehumet.
Vehumet was aware of your devotion.
You were not hungry.

You visited 1 branch of the dungeon, and saw 4 of its levels.

You collected 132 gold pieces.

Inventory:

Hand Weapons
 t - a +0 dagger of venom (weapon)
Missiles
 g - 94 stones (quivered)
 u - 25 arrows
Armour
 m - a +2 robe of cold resistance (worn)
Jewellery
 x - an uncursed ring of flight
Scrolls
 e - a scroll of fog
 l - 2 scrolls of teleportation
 q - 3 scrolls of remove curse
 s - a scroll of blinking {unknown}
 v - 2 scrolls of amnesia {unknown}
 y - a scroll of identify {unknown}
Potions
 d - a potion of cancellation {unknown}
 f - a potion of haste {unknown}
 h - a potion of lignification {unknown}
 n - a potion of flight {unknown}
 w - a potion of brilliance
 z - a potion of magic {unknown}
Books
 b - a book of Frost

   Spells                             Type                      Level
   a - Freeze                         Ice                          1
   b - Throw Frost                    Conjuration/Ice              2
   c - Ozocubu's Armour               Charms/Ice                   3
   d - Throw Icicle                   Conjuration/Ice              4
   e - Summon Ice Beast               Ice/Summoning                4
Comestibles
 a - a meat ration
 c - 2 bread rations
 o - 3 fruits
 p - 2 royal jellies


   Skills:
 - Level 2.4 Dodging
 - Level 2.4 Stealth
 * Level 5.8 Spellcasting
 - Level 2.0 Conjurations
 - Level 5.1 Ice Magic


You had 5 spell levels left.
You knew the following spells:

 Your Spells              Type           Power        Failure   Level  Hunger
a - Freeze                Ice            ####         1%          1    None
b - Throw Frost           Conj/Ice       #####.       1%          2    None
c - Ozocubu's Armour      Chrm/Ice       #####...     1%          3    #......
d - Throw Icicle          Conj/Ice       #####...     2%          4    ###....


Dungeon Overview and Level Annotations

Branches:
Dungeon (4/15)
 Temple: D:4-7

Altars:
Fedhas
Makhleb
Qazlal
Uskayaw
Vehumet


Message History

Press: ? - help, Shift-Dir - straight line, f - giant cockroach
Aim: a giant cockroach (clinging)
You freeze the giant cockroach.
The giant cockroach is severely wounded.
The giant cockroach closely misses you.
Casting: Freeze
Confirm with . or Enter, or press ? or * to list all spells.
Aiming: Freeze
Press: ? - help, Shift-Dir - straight line, f/p - giant cockroach
Aim: a giant cockroach (severely wounded, clinging)
You freeze the giant cockroach.
You kill the giant cockroach!
Vehumet accepts your kill.
The gnoll throws a stone.
The stone hits you.
* * * LOW HITPOINT WARNING * * *
The gnoll throws a stone.
The stone closely misses you.
The gnoll throws a stone.
The stone closely misses you.
You see here 2 stones.
The gnoll throws a stone.
The stone hits you.
You die...

.(### (.(.###
..#...##
..###..###
### .#
##...### ##.#
.
###...####..#
# ##..))g((##
##..###..#
##..## ##@##
##..## ##.#
#..## ###
##.## ##..#
####..##
##....##
......#
..#...##


You could see a gnoll.

Vanquished Creatures
  Jessica (D:2)
  6 adders
  3 gnolls (D:4)
  2 oozes
  6 worms
  A dart slug (D:2)
  2 leopard geckos
  4 orcs (D:4)
  4 giant cockroaches
  2 hobgoblins
  3 jackals (D:2)
  9 kobolds
  2 ball pythons (D:3)
  8 bats
  7 frilled lizards
  4 goblins
  A quokka skeleton (D:4)
  4 rats
69 creatures vanquished.

Notes
Turn   | Place    | Note
-------+----------+-------------------------------------------
     0 | D:1      | hilaritas the Deep Elf Ice Elementalist began the quest for the Orb.
     0 | D:1      | Reached XP level 1. HP: 10/10 MP: 6/6
   316 | D:1      | Reached XP level 2. HP: 12/15 MP: 6/8
   421 | D:1      | Learned a level 2 spell: Throw Frost
   914 | D:2      | Noticed Jessica
   922 | D:2      | Killed Jessica
   922 | D:2      | Reached XP level 3. HP: 11/19 MP: 3/9
   927 | D:2      | Learned a level 3 spell: Ozocubu's Armour
  1376 | D:2      | Reached skill level 5 in Ice Magic
  1376 | D:2      | Reached XP level 4. HP: 24/24 MP: 7/10
  1650 | D:2      | Found a hide-covered altar of Uskayaw.
  1742 | D:2      | Found a burning altar of Makhleb.
  1742 | D:2      | Found a radiant altar of Vehumet.
  1754 | D:2      | Became a worshipper of Vehumet
  2177 | D:3      | Learned a level 4 spell: Throw Icicle
  2486 | D:3      | Found a stormy altar of Qazlal.
  2487 | D:3      | Found a blossoming altar of Fedhas.
  2617 | D:3      | Reached XP level 5. HP: 28/28 MP: 11/14
  2969 | D:4      | Reached * piety under Vehumet
  2969 | D:4      | Offered knowledge of Flame Tongue by Vehumet.
  2969 | D:4      | Reached skill level 5 in Spellcasting
  3289 | D:4      | Hit by a stone thrown by a gnoll

Skill      XL: |  1  2  3  4  5 |
---------------+----------------+-----
Ice Magic      | 4 5 |  5.1
Conjurations   | 2 |  2.0
Spellcasting   | 4 5 |  5.8
Dodging        | |  2.4
Stealth        | |  2.4

Action                   |  1- 3 |  4- 6 || total
-------------------------+-------+-------++-------
Melee: Dagger            |     3 |    19 ||    22
 Cast: Freeze            |    37 |    75 ||   112
       Throw Frost       |       |     9 ||     9
       Ozocubu's Armour  |       |     2 ||     2
  Use: Scroll            |       |     7 ||     7
       Potion            |       |     1 ||     1
  Eat: Chunk             |     1 |     5 ||     6
       Fruit             |       |     1 ||     1
Armor: Robe              |     2 |    18 ||    20
Dodge: Dodged            |    16 |    56 ||    72
